 Dungeon Crawl Stone Soup version 0.21-a0-476-gd103f4b (webtiles) character file.

33958 4thArraOfDagon the Severer (level 13, -1/108 HPs)
             Began as a Minotaur Berserker on Nov 22, 2017.
             Was a High Priest of Trog.
             Hit by a silver tomahawk thrown by a merfolk (4 damage)
             ... on level 1 of the Shoals.
             The game lasted 00:36:01 (5050 turns).

4thArraOfDagon the Severer (Minotaur Berserker)     Turns: 5050, Time: 00:36:02

Health: -1/108     AC:  5    Str: 26    XL:     13   Next: 39%
Magic:  12/12      EV: 13    Int:  4    God:    Trog [*****.]
Gold:   519        SH:  0    Dex: 17    Spells: 12/12 levels left

rFire    . . .     SeeInvis +   J - +4 war axe
rCold    + . .     Gourm    .   (no shield)
rNeg     + . .     Faith    .   (no armour)
rPois    .         Spirit   .   r - +2 hat
rElec    .         Reflect  .   (no cloak)
rCorr    .         Harm     .   (no gloves)
MR       .....                  z - +0 pair of boots
Stlth    +.........             Q - amulet "Ogofreyh" {+Rage Dex+6}
HPRegen  0.28/turn              o - ring of protection from cold
MPRegen  0.13/turn              O - ring of positive energy

@: lethally poisoned (-1 -> -2), berserk cooldown, slowed, very slow
A: retaliatory headbutt, horns 2, slimy green scales 1, see invisible, sense
surroundings 1, wild magic 1
a: Berserk, Trog's Hand, Brothers in Arms, Burn Spellbooks, Renounce Religion,
Evoke Berserk Rage


You were on level 1 of the Shoals.
You worshipped Trog.
Trog was extremely pleased with you.
You were not hungry.

You visited 3 branches of the dungeon, and saw 21 of its levels.
You also visited: Labyrinth.

You collected 820 gold pieces.
You spent 301 gold pieces at shops.

Inventory:

Hand Weapons
 d - a +0 blowgun
 f - a +1 dagger of distortion
 J - a +4 war axe (weapon)
 X - the +7 halberd of Xom's Benevolence {flame, Int+3}
   (You found it in a labyrinth)

   It has been specially enchanted to burn those struck by it, causing extra
   injury to most foes and up to half again as much damage against particularly
   susceptible opponents.
   Big, fiery blades are also staple armaments of hydra-hunters.
   It affects your intelligence (+3).
Missiles
 k - 5 curare-tipped needles
 q - 8 poisoned javelins (quivered)
Armour
 r - a +2 hat (worn)
 z - a +0 pair of boots (worn)
 N - a +0 troll leather armour
 P - +0 gold dragon scales
Magical Staves
 Y - an uncursed staff of conjuration {!a}
Jewellery
 o - a ring of protection from cold (left hand)
 K - an uncursed ring of teleportation
 O - a ring of positive energy (right hand)
 Q - the amulet "Ogofreyh" (around neck) {+Rage Dex+6}
   (You found it in a labyrinth)

   [amulet of rage]

   It affects your dexterity (+6).
   It lets you go berserk.
Wands
 a - a wand of paralysis (12)
 j - a wand of random effects (19)
 t - a wand of polymorph (5)
 B - a wand of flame (49)
 R - a wand of disintegration (9)
Scrolls
 g - 3 scrolls of magic mapping
 h - 2 scrolls of blinking {unknown}
 i - 9 scrolls of remove curse
 m - a scroll of noise {unknown}
 n - 3 scrolls of enchant weapon {unknown}
 u - a scroll of summoning {unknown}
 w - a scroll of teleportation
 A - a scroll of random uselessness {unknown}
 E - 2 scrolls of immolation {unknown}
 F - 4 scrolls of enchant armour {unknown}
 L - 2 scrolls of amnesia {unknown}
Potions
 b - a potion of ambrosia
 e - 3 potions of curing
 l - 2 potions of lignification
 p - a potion of flight {unknown}
 D - 2 potions of might
 G - a potion of berserk rage {unknown}
 H - 2 potions of magic
 I - 2 potions of agility
 M - a potion of heal wounds
 Z - a potion of brilliance
Books
 x - a book of Misfortune

   Spells                             Type                      Level
   a - Confusing Touch                Hexes                        1
   b - Confuse                        Hexes                        3
   c - Gell's Gravitas                Translocation                3
   d - Petrify                        Transmutation/Earth          4
   e - Metabolic Englaciation         Hexes/Ice                    5
   f - Yara's Violent Unravelling     Hexes/Transmutation          5
   Trog disapproves of the use of such an item.
 y - a book of Misfortune

   Spells                             Type                      Level
   a - Confusing Touch                Hexes                        1
   b - Confuse                        Hexes                        3
   c - Gell's Gravitas                Translocation                3
   d - Petrify                        Transmutation/Earth          4
   e - Metabolic Englaciation         Hexes/Ice                    5
   f - Yara's Violent Unravelling     Hexes/Transmutation          5
   Trog disapproves of the use of such an item.
 S - the Catalogue of the Volcanoes and the Entourage
   (You found it in a labyrinth)

   Spells                             Type                      Level
   a - Flame Tongue                   Conjuration/Fire             1
   b - Call Imp                       Summoning                    2
   c - Summon Guardian Golem          Hexes/Summoning              3
   d - Inner Flame                    Hexes/Fire                   3
   e - Summon Demon                   Summoning                    5
   f - Shadow Creatures               Summoning                    6
   Trog disapproves of the use of such an item.
 T - a book of Battle

   Spells                             Type                      Level
   a - Infusion                       Charms                       1
   b - Shroud of Golubria             Charms/Translocation         2
   c - Song of Slaying                Charms                       2
   d - Spectral Weapon                Hexes/Charms                 3
   e - Regeneration                   Charms/Necromancy            3
   Trog disapproves of the use of such an item.
 U - a book of Flames

   Spells                             Type                      Level
   a - Flame Tongue                   Conjuration/Fire             1
   b - Throw Flame                    Conjuration/Fire             2
   c - Conjure Flame                  Conjuration/Fire             3
   d - Inner Flame                    Hexes/Fire                   3
   e - Sticky Flame                   Conjuration/Fire             4
   f - Fireball                       Conjuration/Fire             5
   Trog disapproves of the use of such an item.
 V - a book of the Sky

   Spells                             Type                      Level
   a - Summon Lightning Spire         Summoning/Air                4
   b - Silence                        Hexes/Air                    5
   c - Deflect Missiles               Charms/Air                   6
   d - Conjure Ball Lightning         Conjuration/Air              6
   e - Tornado                        Air                          9
   Trog disapproves of the use of such an item.
Miscellaneous
 W - a lamp of fire
Comestibles
 c - 8 bread rations
 C - 4 meat rations


   Skills:
 - Level 8.3 Fighting
 * Level 20.9 Axes
 + Level 13.2 Armour
 - Level 2.1 Dodging


You had 12 spell levels left.
You didn't know any spells.

Dungeon Overview and Level Annotations

Branches:
Dungeon (13/15)            Temple (0/1) D:6            Lair (6/6) D:9
 Shoals (2/4) Lair:2       Spider (0/4) Lair:4        Slime (0/5) Lair:6
    Orc: D:9-12      Vaults: D:13-14

Altars:
Gozag
Nemelex Xobeh
Qazlal
Uskayaw
Jiyva

Shops:
D:6 !   D:7 [

Annotations:
D:4 Autsider's ghost, novice DrFE
D:11 tof's ghost, journeyman DsBe
D:12 exclusion: orange crystal statue, Erolcha
Lair:5 exclusion: oklob plant, Kirke


Innate Abilities, Weirdness & Mutations

You reflexively headbutt those who attack you in melee.
You have a pair of horns on your head.
You are partially covered in slimy green scales. (AC +2)
You have supernaturally acute eyesight. (SInv)
You passively map a small area around you.
Your spells are a little harder to cast, but a little more powerful.


Message History

Unknown command.
Enter note: :O
As you read the scroll of teleportation, it crumbles to dust.
You feel strangely unstable.
You feel sick.
The merfolk avatar chants a haunting song.
You easily resist.
Unknown command.
Your surroundings suddenly seem different.
Splash!
You fall into the shallow water.
Moving in this stuff is going to be slow.
The merfolk throws a silver tomahawk.
The silver tomahawk hits you!
* * * LOW HITPOINT WARNING * * *
The silver sears you!
* * * LOW HITPOINT WARNING * * *
You hear a splash.
The merfolk throws a silver tomahawk.
The silver tomahawk hits you!!
* * * LOW HITPOINT WARNING * * *
The silver sears you!
You die...

##.≈≈≈≈≈≈≈m..≈≈≈
≈ , *
#..≈≈≈≈≈≈....≈≈
,
##..............
≈≈
≈≈≈.......##....
≈≈≈:......######
≈ ≈≈≈........# *
≈
≈≈≈≈..%....####
≈.≈≈..........#
≈
.≈.≈##.@≈.≈...#
, ≈
..≈≈...≈≈≈≈≈...
≈
..≈≈≈≈≈≈≈≈≈....≈
≈ #..,
#..≈≈≈≈≈≈≈≈≈≈..
≈ ≈ ,#t# *
,##..≈≈≈.≈≈≈≈≈≈≈
≈≈ ##.#
#.≈≈≈.≈≈≈≈≈≈.≈
≈≈ ...#
≈m.≈≈..≈≈≈≈≈..≈
≈ ...##+##
≈≈..≈≈..≈.(...≈
≈ P..#...# , ≈


You could see a merfolk.

Vanquished Creatures
  2 merfolk impalers
  Fannar (D:10)
  3 merfolk aquamancers (Shoals:1)
  2 hydras (Lair:3)
  An alligator snapping turtle (Shoals:2)
  2 death yaks (Lair:3)
  A fire crab (Lair:5)
  10 sea snakes (Shoals:1)
  2 manticores (Shoals:2)
  A deep elf mage (D:12)
  2 ugly things (D:11)
  6 elephants (Lair:5)
  A torpor snail (Lair:3)
  2 water nymphs
  5 spiny frogs
  A kobold demonologist (D:12)
  The ghost of karf the Cudgeler, a novice GrGl (D:5)
  A rime drake (D:8)
  A komodo dragon (Lair:3)
  3 trolls
  A merfolk (Shoals:1)
  Grinder (D:3)
  5 blink frogs (Lair:5)
  5 hippogriffs
  A tarantella (Lair:4)
  3 water elementals (Shoals:1)
  A wraith (D:11)
  22 yaks
  A hog (Lair:5)
  A hungry ghost (D:11)
  An acid dragon (D:11)
  4 water moccasins
  2 sky beasts
  5 orc warriors
  5 porcupines
  4 ice beasts
  A black bear (D:8)
  An eye of draining (Lair:2)
  3 phantoms
  A necrophage (D:11)
  5 ogres
  4 centaurs
  2 crocodiles (Lair:5)
  2 big kobolds
  8 bullfrogs
  5 scorpions
  13 wights
  3 howler monkeys (D:7)
  A centaur zombie (D:11)
  3 crimson imps
  A quasit (D:10)
  2 orc priests
  4 hounds
  A bullfrog skeleton (D:6)
  3 jellies
  Jessica (D:2)
  2 iguanas
  13 orc wizards
  6 worker ants
  2 hound skeletons (D:6)
  5 adders
  An adder skeleton (D:6)
  An adder zombie (D:6)
  2 worms
  3 dart slugs
  8 leopard geckos
  35 orcs
  3 bats (D:1)
  5 giant cockroaches
  3 goblins
  2 hobgoblins (D:1)
  3 jackals (D:2)
  14 kobolds
  A ball python skeleton (D:6)
  4 frilled lizards
  2 rats
  A fungus (Lair:3)
  3 plants (Shoals:1)
293 creatures vanquished.

Vanquished Creatures (collateral kills)
  A minotaur (Lab)
1 creature vanquished.

Vanquished Creatures (others)
  7 fungi
  6 plants
13 creatures vanquished.

Grand Total: 307 creatures vanquished

Notes
Turn   | Place    | Note
-------+----------+-------------------------------------------
     0 | D:1      | 4thArraOfDagon the Minotaur Berserker began the quest for the Orb.
     0 | D:1      | Reached XP level 1. HP: 19/19 MP: 0/0
    17 | D:1      | Thaneod: ooo
    26 | D:1      | Thaneod: też robisz zig runa:>?
    38 | D:1      | Reached skill level 4 in Axes
    51 | D:1      | Reached XP level 2. HP: 19/26 MP: 1/1
   164 | D:2      | Reached skill level 5 in Axes
   177 | D:2      | Noticed Jessica
   202 | D:2      | Killed Jessica
   202 | D:2      | Reached XP level 3. HP: 31/31 MP: 2/2
   259 | D:3      | Reached ** piety under Trog
   334 | D:3      | Reached skill level 6 in Axes
   334 | D:3      | Reached XP level 4. HP: 19/39 MP: 3/3
   357 | D:3      | Noticed Grinder
   387 | D:3      | Killed Grinder
   387 | D:3      | Reached skill level 8 in Axes
   387 | D:3      | Reached XP level 5. HP: 45/45 MP: 4/4
   387 | D:3      | Reached XP level 6. HP: 51/51 MP: 5/5
   406 | D:3      | 4thArraOfDagon: ta
   406 | D:3      | 4thArraOfDagon: zainsipirowales mnie :D
   423 | D:4      | You fall through a shaft!
   423 | D:5      | Entered Level 5 of the Dungeon
   458 | D:5      | Noticed karf's ghost (novice GrGl)
   459 | D:5      | Thaneod: ciekawe jak wrath tso wyglada
   473 | D:5      | Killed karf's ghost
   473 | D:5      | Reached skill level 9 in Axes
   473 | D:5      | Reached XP level 7. HP: 30/57 MP: 6/6
   484 | D:5      | Reached skill level 10 in Axes
   505 | D:4      | Noticed Autsider's ghost (novice DrFE)
   585 | D:5      | 4thArraOfDagon: dosyc fatalnie
   585 | D:5      | 4thArraOfDagon: :.
   615 | D:5      | Found a sparkling altar of Nemelex Xobeh.
   703 | D:6      | Thaneod: ale
   707 | D:6      | Found Ylad's Distillery.
   729 | D:6      | Thaneod: Switching to other gods will not result in any wrat
   729 | D:6      | Bought a potion of mutation for 96 gold pieces
   729 | D:6      | Bought a potion of might for 48 gold pieces
   754 | D:6      | Thaneod: unless evil gods
   770 | D:6      | Found a staircase to the Ecumenical Temple.
   778 | D:6      | Reached skill level 11 in Axes
   865 | D:6      | 4thArraOfDagon: qaz is evil I think
   905 | D:6      | Thaneod: nope
   945 | D:6      | Reached XP level 8. HP: 47/64 MP: 7/7
   997 | D:6      | Thaneod: neutral
  1009 | D:6      | Reached skill level 12 in Axes
  1372 | D:7      | Reached skill level 5 in Fighting
  1454 | D:7      | Reached XP level 9. HP: 74/74 MP: 8/8
  1456 | D:7      | Reached skill level 13 in Axes
  1461 | D:7      | Found an opulent altar of Gozag.
  1481 | D:7      | Reached *** piety under Trog
  1504 | D:7      | Reached skill level 5 in Armour
  1595 | D:7      | Found Xosiexoneo's Antique Armour Shop.
  1632 | D:7      | Bought a glowing chain mail for 157 gold pieces
  1664 | D:8      | Found a stormy altar of Qazlal.
  1812 | D:8      | Received a gift from Trog
  1840 | D:8      | Noticed a rime drake
  1840 | D:8      | a crocodile changed into a rime drake
  1845 | D:8      | Killed a rime drake
  1845 | D:8      | Reached skill level 14 in Axes
  2013 | D:9      | Reached XP level 10. HP: 86/86 MP: 9/9
  2145 | D:9      | Found a hide-covered altar of Uskayaw.
  2172 | D:9      | Found a staircase to the Lair.
  2225 | D:10     | Entered Level 10 of the Dungeon
  2300 | D:10     | Noticed Fannar
  2313 | D:10     | Killed Fannar
  2313 | D:10     | Reached skill level 15 in Axes
  2352 | D:10     | Reached **** piety under Trog
  2413 | D:11     | Gained mutation: Your flesh is heat resistant. (rF+) [mutagenic meat]
  2414 | D:11     | Gained mutation: You are agile. (Dex +2) [mutagenic meat]
  2425 | D:11     | Noticed a cyan ugly thing
  2431 | D:11     | Noticed a cyan ugly thing
  2434 | D:11     | p0werm0de: trying realtime?
  2436 | D:11     | Killed a cyan ugly thing
  2441 | D:11     | Killed a cyan ugly thing
  2449 | D:11     | Gained mutation: You are weak. (Str -2) [mutagenic meat]
  2450 | D:11     | Lost mutation: Your flesh is heat resistant. (rF+) [mutagenic meat]
  2451 | D:11     | Gained mutation: You passively map a small area around you. [mutagenic meat]
  2455 | D:11     | Gained mutation: You tend to lose your temper in combat. [mutagenic meat]
  2456 | D:11     | Gained mutation: Your body sometimes deteriorates upon taking damage. [mutagenic meat]
  2457 | D:11     | Gained mutation: You are partially covered in slimy green scales. (AC +2) [mutagenic meat]
  2476 | D:11     | Noticed a four-headed hydra
  2575 | D:10     | Reached skill level 16 in Axes
  2577 | D:10     | Reached XP level 11. HP: 89/95 MP: 10/10
  2673 | D:11     | Noticed tof's ghost (journeyman DsBe)
  2804 | D:12     | Found a labyrinth entrance.
  2804 | D:12     | Noticed a deep elf mage
  2810 | Lab      | Entered a labyrinth
  2987 | Lab      | Noticed a minotaur
  3004 | Lab      | Killed a minotaur
  3004 | Lab      | Reached skill level 17 in Axes
  3040 | Lab      | Identified the Catalogue of the Volcanoes and the Entourage
  3041 | Lab      | Got a smoking bone amulet
  3042 | Lab      | Got a warped halberd
  3054 | Lab      | Identified the amulet "Ogofreyh" {+Rage Dex+6} (You found it in a labyrinth)
  3068 | Lab      | Identified the +7 halberd of Xom's Benevolence {flame, Int+3} (You found it in a labyrinth)
  3076 | D:12     | Killed a deep elf mage
  3183 | D:12     | Noticed Erolcha
  3193 | D:12     | Noticed an orange crystal statue
  3263 | Lair:1   | Entered Level 1 of the Lair of Beasts
  3324 | Lair:2   | Noticed Sonja
  3327 | Lair:2   | Noticed Sonja
  3327 | Lair:2   | Sonja changed into Sonja the eye of draining
  3343 | Lair:2   | Killed Sonja the eye of draining
  3402 | Lair:2   | Found a staircase to the Shoals.
  3427 | Lair:2   | 4thArraOfDagon: damn shoals :(
  3527 | Lair:3   | Noticed a five-headed hydra
  3535 | Lair:3   | Killed a nine-headed hydra
  3535 | Lair:3   | Reached skill level 18 in Axes
  3535 | Lair:3   | Reached skill level 10 in Armour
  3579 | Lair:3   | Noticed a five-headed hydra
  3624 | Lair:4   | Found a hole to the Spider Nest.
  3656 | Lair:5   | Thaneod: hah
  3662 | Lair:5   | Thaneod: hardtime
  3668 | Lair:5   | Reached XP level 12. HP: 35/103 MP: 11/11
  3745 | Lair:5   | Noticed Kirke
  3799 | Lair:6   | Entered Level 6 of the Lair of Beasts
  3850 | Lair:5   | Reached ***** piety under Trog
  3898 | Lair:6   | Found a staircase to the Slime Pits.
  3898 | Lair:6   | Found a viscous altar of Jiyva.
  3904 | Lair:6   | Reached skill level 19 in Axes
  4091 | Lair:3   | Noticed a seven-headed hydra
  4127 | Lair:3   | Noticed a death yak
  4130 | Lair:3   | Noticed a death yak
  4137 | Lair:3   | Killed an 11-headed hydra
  4139 | Lair:3   | Killed a death yak
  4145 | Lair:3   | Killed a death yak
  4304 | Lair:2   | Lost mutation: You are weak. (Str -2) [potion of mutation]
  4304 | Lair:2   | Lost mutation: Your body sometimes deteriorates upon taking damage. [potion of mutation]
  4304 | Lair:2   | Lost mutation: You tend to lose your temper in combat. [potion of mutation]
  4304 | Lair:2   | Lost mutation: You are agile. (Dex +2) [potion of mutation]
  4304 | Lair:2   | Gained mutation: You have supernaturally acute eyesight. (SInv) [potion of mutation]
  4304 | Lair:2   | Gained mutation: Your spells are a little harder to cast, but a little more powerful. [potion of mutation]
  4334 | Shoals:1 | Entered Level 1 of the Shoals
  4378 | Shoals:1 | Noticed a merfolk impaler
  4396 | Shoals:1 | Killed a merfolk impaler
  4441 | Shoals:1 | Noticed a merfolk aquamancer
  4458 | Shoals:1 | Killed a merfolk aquamancer
  4458 | Shoals:1 | Reached skill level 20 in Axes
  4622 | Shoals:2 | Noticed an alligator snapping turtle
  4652 | Shoals:2 | Killed an alligator snapping turtle
  4718 | Shoals:2 | Noticed a merfolk impaler
  4729 | Shoals:2 | Killed a merfolk impaler
  4729 | Shoals:2 | Reached XP level 13. HP: 65/108 MP: 12/12
  4811 | Shoals:1 | Noticed a merfolk javelineer
  4814 | Shoals:1 | Noticed a merfolk impaler
  4855 | Shoals:1 | Received a gift from Trog
  4856 | Shoals:1 | WHY!
  5049 | Shoals:1 | :O
  5050 | Shoals:1 | HP: 3/108 [merfolk/silver tomahawk (20)]
  5050 | Shoals:1 | Hit by a silver tomahawk thrown by a merfolk

Vault maps used:
D:1:      minmay_arrival_checkered_box
D:2:      nicolae_overflow_crystal_walls, first_bread, uniq_jessica,
          uniq_terence
D:3:      minivault_26, uniq_sigmund, uniq_grinder, uniq_ijyb
D:4:      nicolae_overflow_hidden_temple, serial_shops, shop_coins,
          uniq_menkaure
D:5:      nemelex_xobeh_ov_fountains_minmay, kennysheep_nondescript
D:6:      wad_guarded_room, serial_shops, shop_fountains
D:7:      serial_shops, shop, basic_altar
D:8:      kennysheep_mini
D:9:      lemuel_doored_altar, gammafunk_temple_overflow_elements,
          lair_entry_dummy, the_bakery
D:10:     uniq_fannar
D:11:     orc_0_dummy
D:12:     lab_entry_generic, minivault_16, minmay_misc_feat_chi, uniq_erolcha
D:13:     minmay_gate_of_8, erik_vaults_2
Lair:2:   elwin_shoals_entry_rocks, grunt_megastairs_4, uniq_sonja
Lair:3:   st_stairs_4
Lair:4:   spider_nest_entry_rubble
Lair:5:   minmay_lair_oklob_chamber, uniq_kirke
Lair:6:   gammafunk_lair_ancient_temple, slime_altar_1, minivault_19
Shoals:1: cheibrodos_shoals_three_sisters
Shoals:2: uniq_roxanne
Lab:      labyrinth_mini_lab, nicolae_lab_stuck, nicolae_lab_t_cross,
          labyrinth_skeletal_remains, nicolae_lab_grate

Skill      XL: |  1  2  3  4  5  6  7  8  9 10 11 12 13 |
---------------+----------------------------------------+-----
Axes           | 4 5 6 8 9 11 12 14 16 18 20 | 20.9
Fighting       | 5 7 8 |  8.3
Armour         | 4 6 9 10 12 13 | 13.2
Dodging        | |  2.1

Action                   |  1- 3 |  4- 6 |  7- 9 | 10-12 | 13-15 || total
-------------------------+-------+-------+-------+-------+-------++-------
Melee: Hand axe          |    57 |    25 |   199 |       |       ||   281
       Headbutt          |    10 |     4 |    40 |    85 |     7 ||   146
       War axe           |       |       |    28 |   338 |    42 ||   408
Invok: Berserk           |     2 |     2 |    13 |    18 |     3 ||    38
       Trog's Hand       |       |     3 |     8 |     6 |       ||    17
       Brothers in Arms  |       |       |       |     1 |       ||     1
Evoke: Wand              |       |       |    13 |     8 |       ||    21
  Use: Potion            |     1 |       |     4 |     2 |     5 ||    12
       Scroll            |       |       |     4 |    12 |     3 ||    19
 Stab: Invisible         |       |       |     2 |       |       ||     2
  Eat: Chunk             |       |     2 |    21 |    30 |     3 ||    56
       Fruit             |       |       |       |     9 |       ||     9
       Royal jelly       |       |       |       |       |     2 ||     2
Armor: Animal skin       |     6 |       |       |       |       ||     6
       Scale mail        |     6 |    20 |    25 |       |       ||    51
       Plate armour      |       |       |    97 |   106 |       ||   203
       Skin              |       |       |    38 |     3 |       ||    41
       Gold dragon scale |       |       |       |   221 |    40 ||   261
       Troll leather arm |       |       |       |     2 |       ||     2
Dodge: Dodged            |    60 |    15 |    85 |   147 |     8 ||   315

Table legend:
 A = Spawn XP
 B = Non-spawn XP
 C = Spawn XP percentage of total XP
 D = Spawn monster count
 E = Non-spawn monster count
 F = Spawn count percentage of total count
 G = Total turns spent on level
                    A         B        C        D         E        F      G
               +---------+---------+-------+---------+---------+-------+---------
         Total |       0 |   48512 |   0.0 |       0 |     290 |   0.0 |  5050
               +---------+---------+-------+---------+---------+-------+---------
           D:1 |       0 |      30 |   0.0 |       0 |      15 |   0.0 |   156
           D:2 |       0 |      48 |   0.0 |       0 |       5 |   0.0 |    80
           D:3 |       0 |     306 |   0.0 |       0 |      11 |   0.0 |   176
           D:5 |       0 |     663 |   0.0 |       0 |      15 |   0.0 |   224
           D:6 |       0 |    1345 |   0.0 |       0 |      25 |   0.0 |   619
           D:7 |       0 |    1203 |   0.0 |       0 |      27 |   0.0 |   350
           D:8 |       0 |    1572 |   0.0 |       0 |      27 |   0.0 |   353
           D:9 |       0 |    1731 |   0.0 |       0 |      19 |   0.0 |   222
          D:10 |       0 |    3054 |   0.0 |       0 |      21 |   0.0 |   279
          D:11 |       0 |    3017 |   0.0 |       0 |      25 |   0.0 |   272
          D:12 |       0 |    2089 |   0.0 |       0 |      17 |   0.0 |   165
          D:13 |       0 |     292 |   0.0 |       0 |       4 |   0.0 |    48
        Lair:2 |       0 |    1922 |   0.0 |       0 |       9 |   0.0 |   226
        Lair:3 |       0 |    6960 |   0.0 |       0 |      18 |   0.0 |   350
        Lair:4 |       0 |     219 |   0.0 |       0 |       1 |   0.0 |   115
        Lair:5 |       0 |    6485 |   0.0 |       0 |      22 |   0.0 |   298
        Lair:6 |       0 |     690 |   0.0 |       0 |       3 |   0.0 |    45
      Shoals:1 |       0 |   12575 |   0.0 |       0 |      19 |   0.0 |   448
      Shoals:2 |       0 |    3734 |   0.0 |       0 |       6 |   0.0 |   250
           Lab |       0 |     577 |   0.0 |       0 |       1 |   0.0 |   262
               +---------+---------+-------+---------+---------+-------+---------
